 Dungeon Crawl Stone Soup version 0.28.0-47-ge53b351184 (webtiles) character file.

Game seed: 331125034046389363

2 CryoSword the Firebug (level 1, -3/13 HPs)
             Began as a Demonspawn Fire Elementalist on Apr 26, 2022.
             Frozen to death by an endoplasm (4 damage)
             ... on level 1 of the Dungeon.
             The game lasted 00:00:17 (78 turns).

CryoSword the Firebug (Demonspawn Fire Elementalist)  Turns: 78, Time: 00:00:18

Health: -3/13      AC:  2    Str:  8    XL:     1   Next: 33%
Magic:  0/3        EV: 12    Int: 16    God:
Gold:   0          SH:  0    Dex: 13    Spells: 3/4 levels left

rFire   . . .      SeeInvis .   (no weapon)
rCold   . . .      Faith    .   (no shield)
rNeg    . . .      Spirit   .   a - +0 robe
rPois   .          Reflect  .   (no helmet)
rElec   .          Harm     .   (no cloak)
rCorr   .          Rampage  .   (no gloves)
Will    .....                   (no boots)
Stlth   ++........              (no amulet)
HPRegen 0.04/turn               (no ring)
MPRegen 0.08/turn               (no ring)

@: no status effects
A: no striking features
a: no special abilities


You were on level 1 of the Dungeon.
You visited 1 branch of the dungeon, and saw 1 of its levels.

Inventory:

Armour
 a - a +0 robe (worn)


   Skills:
 - Level 1.7 Dodging
 - Level 1.7 Stealth
 - Level 2.0 Spellcasting
 + Level 1.2 Conjurations
 + Level 2.8 Fire Magic


You had 3 spell levels left.
You knew the following spells:

 Your Spells              Type           Power      Damage    Failure   Level
a - Foxfire               Conj/Fire      32%        2x1d5     9%          1

Your spell library contained the following spells:

 Spells                   Type           Power      Damage    Failure   Level
 Scorch                   Fire           20%        2d6       10%         2
 Conjure Flame            Conj/Fire      8%         6-21      26%         3
 Inner Flame              Hex/Fire       6%         N/A       34%         3
 Flame Wave               Conj/Fire      8%         2d5       65%         4


Dungeon Overview and Level Annotations

Branches:
Dungeon (1/15)

Altars:


Message History

Welcome, CryoSword the Demonspawn Fire Elementalist.
The heart of this dungeon contains the fabulous artefact, the Orb of Zot.
Found a staircase leading out of the dungeon.
Could not explore, unopened door.
Could not explore, unopened door.
You open the gate.
There is an open gate here.
A hobgoblin comes into view.
The hobgoblin shouts!
A bat comes into view.
The bat moves out of view.
A hobgoblin is nearby!
A hobgoblin is nearby!
An endoplasm comes into view.
You conjure some foxfire!
A bat comes into view. x2
The bat moves out of view.
You conjure some foxfire!
The foxfire hits the hobgoblin.
The foxfire hits the hobgoblin but does no damage.
You miscast Foxfire.
You are very lightly contaminated with residual magic.
Nothing appears to happen.
The foxfire hits the hobgoblin.
You kill the hobgoblin!
The foxfire hits the bat.
You don't know that spell.
You hit the bat but do no damage. The bat closely misses you.
You miss the bat. The bat hits you but does no damage.
You barely miss the bat. The bat completely misses you.
The endoplasm misses you.
You miss the bat. The bat hits you but does no damage. The bat misses you.
The endoplasm barely misses you.
You hit the endoplasm but do no damage. The bat misses you. The bat hits you.
The bat barely misses you. The endoplasm misses you.
You miss the bat. The bat closely misses you. The bat misses you.
The endoplasm barely misses you.
Your magical contamination has completely faded away.
You hit the endoplasm. The bat hits you. The bat closely misses you.
The endoplasm barely misses you.
You miss the bat. The bat misses you. The bat closely misses you.
The bat barely misses you. The endoplasm freezes you.
You are frozen.
You are too injured to fight recklessly!
You are too injured to fight recklessly!
You are too injured to fight recklessly!
You are too injured to fight recklessly!
You are too injured to fight recklessly!
You are too injured to fight recklessly!
You are too injured to fight recklessly!
You are too injured to fight recklessly!
You are too injured to fight recklessly!
You are too injured to fight recklessly!
You are too injured to fight recklessly!
You are too injured to fight recklessly!
You are too injured to fight recklessly!
Unknown command.
The bat hits you but does no damage. x2
The bat misses you. The bat closely misses you.
The bat hits you but does no damage. The bat hits you but does no damage.
The bat closely misses you. The bat barely misses you. The bat hits you.
The bat hits you but does no damage. The bat completely misses you.
The bat hits you.
* * * LOW HITPOINT WARNING * * *
The bat barely misses you. x2
The bat closely misses you. The bat hits you but does no damage.
The bat hits you but does no damage. The bat hits you but does no damage.
The bat hits you but does no damage. x3
The bat hits you but does no damage. The bat closely misses you.
You miscast Foxfire.
You are very lightly contaminated with residual magic.
Nothing appears to happen.
The bat misses you. The bat hits you.
* * * LOW HITPOINT WARNING * * *
You conjure some foxfire!
The bat hits you.
* * * LOW HITPOINT WARNING * * *
The bat barely misses you.
You don't have enough magic to cast this spell.
The foxfire hits the bat. x2
You kill the bat!
The endoplasm jiggles.
The bat misses you. The bat hits you but does no damage. x2
The bat closely misses you.
Your magical contamination has completely faded away.
The bat hits you.
* * * LOW HITPOINT WARNING * * *
The bat barely misses you. The bat hits you.
* * * LOW HITPOINT WARNING * * *
The bat hits you but does no damage. The bat barely misses you.
The endoplasm jiggles.
You completely miss the endoplasm. The bat hits you but does no damage.
You hit the endoplasm but do no damage. The bat closely misses you.
The endoplasm freezes you.
You are frozen.
* * * LOW HITPOINT WARNING * * *
You conjure some foxfire!
The bat hits you.
* * * LOW HITPOINT WARNING * * *
The endoplasm freezes you.
You are frozen.
You die...

########################
...........^............
........................
...............#####....
...............#...#....
.........#######.8.#.b..
♣.♣.♣.♣..#.........#....
.......J##........##....
......b@v.........#....⌠
.......v'.....<...#...⌠.
........'.........#....⌠
........##........##....
♣.♣.♣.♣..#.........#....
.........#######.8.#....
......... #...#....
.......... #####....
......


You could see an endoplasm (ally target) and a bat (ally target).

Vanquished Creatures
  A bat (D:1)
  A hobgoblin (D:1)
2 creatures vanquished.

Vanquished Creatures (others)
  6 foxfires (D:1)
6 creatures vanquished.

Grand Total: 8 creatures vanquished

Notes
Turn   | Place    | Note
-------+----------+-------------------------------------------
     0 | D:1      | CryoSword the Demonspawn Fire Elementalist began the quest
                  | for the Orb.
     0 | D:1      | Reached XP level 1. HP: 13/13 MP: 3/3
    78 | D:1      | Frozen to death by an endoplasm

Illustrated notes

Levels and vault maps discovered:
D:1:      wander_arrival_estate, layout_rooms, hellmonk_ecumenical_altar_zigzags

Action                   || total
-------------------------++-------
Melee: Unarmed           ||    10
 Cast: Foxfire           ||     4
Armor: Robe              ||    18
Dodge: Dodged            ||    32
